 Dungeon Crawl Stone Soup version 0.18.1-8-gdd0e5ea (webtiles) character file.

1463 oshikia the Poker (level 8, -6/61 HPs)
             Began as a Demonspawn Gladiator on May 22, 2016.
             Was a Follower of Dithmenos.
             Mangled by an orc warrior
             ... wielding a +0 glaive
              (20 damage)
             ... on level 6 of the Dungeon.
             The game lasted 00:12:36 (5141 turns).

oshikia the Poker (Demonspawn Gladiator)            Turns: 5141, Time: 00:12:36

Health: -6/61      AC:  5    Str: 16    XL:     8   Next: 48%
Magic:  8/8        EV: 19    Int:  8    God:    Dithmenos [*.....]
Gold:   366        SH:  0    Dex: 18    Spells: 1 memorised, 1 level left

rFire  + . .     SeeInvis .     a - +0 trident
rCold  . . .     Gourm    .     b - +0 leather armour
rNeg   . . .     Faith    .     (no shield)
rPois  .         Spirit   .     c - +0 helmet
rElec  .         Dismiss  .     (no cloak)
rCorr  +         Reflect  .     (no gloves)
SustAt .         Harm     .     (no boots)
MR     +....                    (no amulet)
Stlth  ++++......               y - ring of resist corrosion
                                q - ring of flight

@: agile, exhausted, slowed, wreathed by umbra, drained, very slow, somewhat
resistant to hostile enchantments, stealthy
A: talons 2, molten scales 1, clumsy 1, demonic guardian 1, dopey 1, fire
resistance 1, magic resistance 1, sense surroundings 1, wild magic 1
a: Renounce Religion, Evoke Flight


You were on level 6 of the Dungeon.
You worshipped Dithmenos.
Dithmenos was aware of your devotion.
You were hungry.

You visited 1 branch of the dungeon, and saw 6 of its levels.

You collected 366 gold pieces.

Inventory:

Hand Weapons
 a - a +0 trident (weapon)
Armour
 b - a +0 leather armour (worn)
 c - a +0 helmet (worn)
Jewellery
 e - an uncursed ring of ice
 q - a ring of flight (left hand)
 x - an uncursed ring of magical power
 y - a ring of resist corrosion (right hand)
Wands
 A - a wand of polymorph (2/24)
Scrolls
 g - 2 scrolls of amnesia
 i - 2 scrolls of enchant armour {unknown}
 o - 5 scrolls of identify {unknown}
 s - 2 scrolls of teleportation {unknown}
 w - a scroll of blinking {unknown}
 z - a scroll of fog {unknown}
 B - 3 scrolls of noise {unknown}
Potions
 l - a potion of flight
 r - a potion of berserk rage
 t - a potion of heal wounds {unknown}
 u - 2 potions of brilliance {unknown}
 v - a potion of cure mutation {unknown}
Books
 k - a book of Party Tricks

   Spells                             Type                      Level
   a - Summon Butterflies             Summoning                    1
   b - Apportation                    Translocation                1
   c - Tukima's Dance                 Hexes                        3
   d - Alistair's Intoxication        Transmutation/Poison         5
   e - Invisibility                   Hexes                        6
Comestibles
 f - 4 bread rations
 h - 2 beef jerkies
 n - 3 meat rations
 p - 3 chunks of flesh


   Skills:
 + Level 4.6(3.7) Fighting
 * Level 6.6(5.7) Polearms
 - Level 1.7(0.9) Throwing
 + Level 3.1(2.3) Armour
 + Level 4.8(4.0) Dodging
 + Level 3.4(2.5) Stealth
 + Level 0.8(0.0) Hexes


You had one spell level left.
You knew the following spells:

 Your Spells              Type           Power        Failure   Level  Hunger
a - Invisibility          Hex            #.......     100%        6    #######


Dungeon Overview and Level Annotations

Branches:
Dungeon (6/15)             Temple (0/1) D:6

Altars:
Ashenzari
Dithmenos
Gozag
Pakellas
Sif Muna
Xom


Innate Abilities, Weirdness & Mutations

You have razor-sharp toenails.
You are partially covered in molten scales (AC +1).
A weak demonic guardian rushes to your aid.
You are clumsy. (Dex -2)
You are dopey. (Int -2)
Your flesh is heat resistant.
You are resistant to hostile enchantments.
You passively map a small area around you.
Your spells are a little harder to cast, but a little more powerful.


Message History

Attack whom?
Press: ? - help, Dir - move target cursor, f/p - gnoll
Aim: a gnoll, wielding a spear (almost dead)
You reach to attack!
You hit the gnoll.
You kill the gnoll!
Dithmenos accepts your kill. The orc warrior closely misses you.
Throwing (i - inventory):
d - a throwing net (quivered)
Press: ? - help, Shift-Dir - straight line, f - orc warrior
Aim: an orc warrior, wielding a glaive and wearing a chain mail (almost dead)
You throw a throwing net.
The throwing net barely misses the orc warrior.
The orc warrior closely misses you. The orc warrior barely misses you.
The orc warrior barely misses you.
Items here: ))) [[ †† The orc warrior closely misses you.
The orc warrior closely misses you.
The orc warrior hits you from afar with a glaive!!
You die...

* * #<##########*
#........#.. #..#####.#.#
#..# #.#.# #..# ###.#.##
##..# #.......
###...###.#.#.##
#####...........#.#
#..@..........###.##
#o###....##### #... ###.#
####.# ###. #...# #.# #.
#.### ##'## #. #.#
##...## #. ##)# ##.....##
##. ##..# #.......## ##..
##...####.........####...


You could see an orc warrior.

Vanquished Creatures
  Edmund (D:5)
  An ice beast (D:6)
  An ogre (D:5)
  A giant frog (D:4)
  A gnoll sergeant (D:6)
  A scorpion (D:5)
  5 wights (D:6)
  A howler monkey (D:5)
  A hound (D:6)
  2 jellies
  5 orc wizards
  A giant frog skeleton (D:5)
  Jessica (D:3)
  2 iguanas (D:5)
  3 worker ants (D:5)
  2 hound skeletons (D:5)
  8 gnolls
  10 adders
  An ooze (D:5)
  2 adder skeletons (D:4)
  3 worms
  A dart slug (D:3)
  2 giant geckos
  18 orcs
  7 bats
  4 giant cockroaches
  5 goblins
  7 hobgoblins
  6 jackals (D:3)
  3 quokkas
  A ball python (D:3)
  A giant gecko skeleton (D:6)
  4 giant newts
  5 kobolds
  A quokka zombie (D:6)
  6 rats
124 creatures vanquished.

Vanquished Creatures (collateral kills)
  A sky beast (D:6)
  2 gnolls (D:6)
  A giant gecko (D:6)
4 creatures vanquished.

Grand Total: 128 creatures vanquished

Notes
Turn   | Place    | Note
--------------------------------------------------------------
     0 | D:1      | oshikia the Demonspawn Gladiator began the quest for the Orb.
     0 | D:1      | Reached XP level 1. HP: 16/16 MP: 1/1
    81 | D:1      | Found a shimmering altar of Xom.
   294 | D:1      | Gained mutation: You have sharp toenails. [demonic ancestry]
   294 | D:1      | Reached XP level 2. HP: 22/22 MP: 2/2
   302 | D:1      | Reached skill level 3 in Polearms
   599 | D:2      | Gained mutation: You have razor-sharp toenails. [demonic ancestry]
   599 | D:2      | Reached XP level 3. HP: 19/28 MP: 3/3
   990 | D:2      | Gained mutation: You are partially covered in molten scales (AC +1). [demonic ancestry]
   990 | D:2      | Reached XP level 4. HP: 26/34 MP: 4/4
  1169 | D:2      | Reached skill level 4 in Polearms
  1400 | D:3      | Found an oddly glowing altar of Pakellas.
  1521 | D:3      | Reached XP level 5. HP: 37/40 MP: 5/5
  1848 | D:3      | Noticed Jessica
  1861 | D:3      | Killed Jessica
  1863 | D:3      | Found a deep blue altar of Sif Muna.
  1904 | D:3      | Found an oddly glowing altar of Pakellas.
  1913 | D:3      | Found a shadowy altar of Dithmenos.
  1922 | D:3      | Became a worshipper of Dithmenos the Shadowed
  1981 | D:3      | Found an opulent altar of Gozag.
  2256 | D:4      | Reached XP level 6. HP: 21/47 MP: 6/6
  2582 | D:4      | Found a shattered altar of Ashenzari.
  2908 | D:4      | Reached skill level 5 in Polearms
  2908 | D:4      | Reached skill level 1 in Armour
  2987 | D:4      | Reached skill level 1 in Stealth
  3142 | D:4      | Reached * piety under Dithmenos
  3172 | D:5      | Entered Level 5 of the Dungeon
  3172 | D:5      | Noticed Edmund
  3195 | D:5      | Killed Edmund
  3195 | D:5      | Reached XP level 7. HP: 20/52 MP: 7/7
  4200 | D:6      | Reached skill level 6 in Polearms
  4221 | D:6      | HP: 1/54 [wight/dagger of freezing (3)]
  4232 | D:6      | Found a staircase to the Ecumenical Temple.
  4406 | D:6      | Gained mutation: A weak demonic guardian rushes to your aid. [demonic ancestry]
  4406 | D:6      | Reached XP level 8. HP: 53/60 MP: 8/8
  4794 | D:6      | Gained mutation: Potions and wands are less effective at restoring your health. [mutagenic meat]
  4795 | D:6      | Gained mutation: You are resistant to hostile enchantments. [mutagenic meat]
  4796 | D:6      | Gained mutation: Your flesh is heat resistant. [mutagenic meat]
  4798 | D:6      | Lost mutation: Your flesh is heat resistant. [mutagenic meat]
  4801 | D:6      | Gained mutation: You passively map a small area around you. [potion of mutation]
  4801 | D:6      | Gained mutation: You are clumsy. (Dex -2) [potion of mutation]
  4801 | D:6      | Gained mutation: You are dopey. (Int -2) [potion of mutation]
  4802 | D:6      | Lost mutation: Potions and wands are less effective at restoring your health. [potion of mutation]
  4802 | D:6      | Gained mutation: Your flesh is heat resistant. [potion of mutation]
  4802 | D:6      | Gained mutation: Your spells are a little harder to cast, but a little more powerful. [potion of mutation]
  4890 | D:6      | Learned a level 6 spell: Invisibility
  5112 | D:6      | HP: 1/61 [orc warrior/glaive (21)]
  5141 | D:6      | Mangled by an orc warrior

Skill      XL: |  1  2  3  4  5  6  7  8 |
---------------+-------------------------+-----
Polearms       | 3 4 5 6 |  6.6
Dodging        | 3 4 |  4.8
Fighting       | 3 4 |  4.6
Armour         | 1 2 3 |  3.1
Stealth        | 1 2 3 |  3.4
Throwing       | |  1.7
Hexes          | |  0.8

Action                   |  1- 3 |  4- 6 |  7- 9 || total
-------------------------+-------+-------+-------++-------
Melee: Trident           |    85 |   255 |   275 ||   615
       Kick              |     7 |    63 |    80 ||   150
Throw: Throwing net      |       |     6 |     4 ||    10
  Use: Scroll            |       |     4 |       ||     4
       Potion            |       |       |    10 ||    10
 Stab: Sleeping          |     1 |     2 |     4 ||     7
       Held in net/web   |       |     4 |     1 ||     5
       Distracted        |       |     1 |       ||     1
  Eat: Chunk             |       |     8 |     9 ||    17
       Pizza             |       |       |     1 ||     1
       Fruit             |       |       |     1 ||     1
Armor: Leather armour    |     8 |    51 |    33 ||    92
Dodge: Dodged            |    53 |   139 |   174 ||   366
